 Dungeon Crawl Stone Soup version 0.28-a0-1435-g82390b3a13 (webtiles) character file.

Game seed: 15335266814660996037

88 shadowrider38 the Firebug (level 4, 0/27 HPs)
             Began as an Octopode Wanderer on Jan 10, 2022.
             Slain by an orc (4 damage)
             ... on level 3 of the Dungeon.
             The game lasted 00:08:11 (2244 turns).

shadowrider38 the Firebug (Octopode Wanderer)       Turns: 2244, Time: 00:08:12

Health: 0/27       AC:  5    Str: 10    XL:     4   Next: 54%
Magic:  6/7        EV: 11    Int: 14    God:
Gold:   53         SH:  0    Dex: 14    Spells: 6/7 levels left

rFire   x . .      SeeInvis .   a - +0 falchion
rCold   + . .      Faith    .   n - +0 kite shield
rNeg    . . .      Spirit   .   b - +0 hat
rPois   .          Reflect  .   (no amulet)
rElec   .          Harm     .   e - ring of ice
rCorr   .          Rampage  .   l - +4 ring of protection
Will    .....                   (no ring)
Stlth   ++........              (no ring)
HPRegen 0.09/turn               (no ring)
MPRegen 0.10/turn               (no ring)
                                (no ring)
                                (no ring)

@: confused
A: almost no armour, amphibious, 8 rings, camouflage 1, gelatinous body 1,
(nimble swimmer 1), tentacles
a: no special abilities


You were on level 3 of the Dungeon.
You visited 1 branch of the dungeon, and saw 3 of its levels.

You collected 53 gold pieces.

Inventory:

Hand Weapons
 a - a +0 falchion (weapon)
 m - a +0 flail
Missiles
 k - 48 stones
 p - 2 boomerangs
Armour
 b - a +0 hat (worn)
 n - a +0 kite shield (worn)
Jewellery
 e - a ring of ice (left tentacle)
 l - a +4 ring of protection (right tentacle)
Scrolls
 c - a scroll of vulnerability {unknown}
 d - a scroll of teleportation {unknown}
 o - a scroll of fog {unknown}
 q - a scroll of holy word {unknown}
 r - a scroll of immolation {unknown}
Potions
 f - a potion of berserk rage {unknown}
 g - a potion of curing {unknown}
 h - a potion of brilliance {unknown}
 i - a potion of might {unknown}
 j - 2 potions of lignification {unknown}


   Skills:
 - Level 2.0 Long Blades
 - Level 2.0 Dodging
 - Level 2.6 Stealth
 + Level 1.8 Shields
 - Level 2.0 Spellcasting
 + Level 2.4 Conjurations
 - Level 3.0 Fire Magic
 - Level 1.1 Evocations


You had 6 spell levels left.
You knew the following spells:

 Your Spells              Type           Power      Damage    Failure   Level
a - Foxfire               Conj/Fire      36%        2x1d5     26%         1

Your spell library contained the following spells:

 Spells                   Type           Power      Damage    Failure   Level
 Ignite Poison            Fire/Tmut/Pois 4%         N/A       83%         3
 Sticky Flame             Conj/Fire      9%         2d3       95%         4


Dungeon Overview and Level Annotations

Branches:
Dungeon (3/15)

Altars:

Shops:
D:1 =


Innate Abilities, Weirdness & Mutations

You cannot wear most types of armour.
You are amphibious.
You can wear up to eight rings at the same time.
Your skin changes colour to match your surroundings (Stealth+).
Your rubbery body absorbs attacks. (AC +1, EV +1)
((You are camouflaged when in or above water. (Stealth+)))
You have tentacles for arms and can constrict up to eight enemies at once.


Message History

The orc wizard mumbles some strange words.
The orc wizard flickers and vanishes!
Deactivating autopickup; reactivate with Ctrl-A.
Your magical contamination has completely faded away.
You hit the orc.
You kill the orc!
You hear some strange, mumbled words.
Something tries to affect you, but you resist.
A puff of flame appears from out of thin air!
The puff of flame hits you! The fire burns you terribly!
Ouch! That really hurt!
Casting: Foxfire (safe; 26% risk of failure)
Press: ? - help, Q - select action, (/) - cycle Dir - look around, f - activate You conjure some foxfire!
Your foxfire dissipates!
The foxfire hits something.
Unknown command.
You hear some strange, mumbled words.
A puff of flame appears from out of thin air!
The puff of flame misses you.
You hear some strange, mumbled words.
You are confused.
You hear some strange, mumbled words.
A magic dart appears from out of thin air!
The magic dart hits you.
* * * LOW HITPOINT WARNING * * *
You're too confused to cast spells.
Unknown command.
Unknown command.
You hit something. Your squeeze misses something. The orc closely misses you.
Something hits you.
* * * LOW HITPOINT WARNING * * *
The orc hits you but does no damage. Something completely misses you.
You feel less confused.
You hear some strange, mumbled words.
You are confused.
The orc misses you. Something hits you but does no damage.
The orc hits you with a +0 flail.
You die...

#####).........#.. #....
#...........#. ....b.
##.............###......
########............#... ......
.........#..........##.##......
.........#..........##.........
.........##....)...............
.............{.....<#.#.......#
#####....#...o@.......#....?..#
####.............##†.......
#.............###†......
#.#...........##.......#
#.#....................#
##.##........#......[...#
#.o###......###..#.....##
######.######..........#...##
#..........o).)......#. ....


You could see an orc.

Vanquished Creatures
  2 adders
  2 worms
  6 orcs (D:3)
  5 ball pythons
  4 bats
  3 endoplasms (D:1)
  4 giant cockroaches
  4 goblins
  4 hobgoblins
  4 jackals (D:2)
  3 quokkas
  4 frilled lizards (D:1)
  3 kobolds
  8 rats
56 creatures vanquished.

Vanquished Creatures (others)
  52 foxfires
  28 plants (D:2)
80 creatures vanquished.

Grand Total: 136 creatures vanquished

Notes
Turn   | Place    | Note
-------+----------+-------------------------------------------
     0 | D:1      | shadowrider38 the Octopode Wanderer began the quest for the
                  | Orb.
     0 | D:1      | shadowrider38 set off with the following items: a +0
                  | falchion, a +0 hat; and the following spell memorised:
                  | Foxfire; and the following spells available to memorise:
                  | Ignite Poison, Sticky Flame
     0 | D:1      | Reached XP level 1. HP: 11/11 MP: 3/3
   203 | D:1      | Found a faded altar of an unknown god.
   207 | D:1      | Reached skill level 1 in Dodging
   275 | D:1      | Reached XP level 2. HP: 17/17 MP: 0/5
   431 | D:1      | Found Hiphaff's Jewellery Shop.
   804 | D:1      | Reached skill level 1 in Conjurations
  1072 | D:1      | Reached XP level 3. HP: 12/21 MP: 4/6
  1612 | D:2      | Reached skill level 1 in Shields
  1746 | D:2      | Reached XP level 4. HP: 27/27 MP: 7/7
  2244 | D:3      | Slain by an orc

Illustrated notes

Levels and vault maps discovered:
D:1:      lightli_arrival_isolated_outpost, layout_basic,
          basic_ecumenical_altar, serial_shops, nicolae_square_shop,
          minmay_misc_feat_encased, minmay_tetromino_s2
D:2:      layout_loops_ring, serial_bayou_lagoon_a
D:3:      layout_rooms, gammafunk_ghost_cemetery

Skill      XL: |  1  2  3 |
---------------+----------+-----
Dodging        | 1 2 |  2.0
Conjurations   | 1 2 |  2.4
Shields        | 1 |  1.8
Long Blades    | |  2.0
Stealth        | |  2.6
Spellcasting   | |  2.0
Fire Magic     | |  3.0
Evocations     | |  1.1

Action                   |  1- 3 |  4- 6 || total
-------------------------+-------+-------++-------
Melee: Falchion          |    56 |    24 ||    80
       Constrict         |    12 |     8 ||    20
       Tentacles         |     8 |     2 ||    10
 Cast: Foxfire           |    25 |     8 ||    33
 Stab: Sleeping          |     3 |       ||     3
Armor: Skin              |    17 |     5 ||    22
Dodge: Dodged            |    49 |     9 ||    58
Block: Kite shield       |    16 |     5 ||    21

Table legend: (Time is in decaauts)
 A = Elapsed time spent in this place.
 B = Non-inter-level travel time spent in this place.
 C = Inter-level travel time spent in this place.
 D = Time resting spent in this place.
 E = Time spent auto-exploring this place.
 F = Levels seen in this place.
 G = Mean time per level.
                   A        B        C        D        E       F      G
               +--------+--------+--------+--------+--------+-----+--------+
         Total |   2272 |   2160 |    112 |    623 |    950 |   3 |  757.3 |
       Dungeon |   2272 |   2160 |    112 |    623 |    950 |   3 |  757.3 |
               +--------+--------+--------+--------+--------+-----+--------+

Top non-repeatable levels by time:
     D:1: 1215 daAuts
     D:2: 849 daAuts
     D:3: 207 daAuts
